Match 35546159
Unlisted

Match 35546159
End
Engineer Squad
Construct Barracks
Riflemen Squad
Riflemen Squad
Mechanized Support Center
Construct Motor Pool
Salvage Crew
.30 cal Machine Gun
Selects Armored Battlegroup
Selects Veteran Crews
Selects M31 Recovery Vehicle
Improvised Armor
.30 cal Machine Gun
Grenade Package
Construct Medical Station
Rapid Repairs
Riflemen Squad
Selects War Machine
M8 Greyhound Armored Car
M8 Greyhound Armored Car
M8 Greyhound Armored Car
Selects Fast Deploy
M8 Greyhound Armored Car
M8 Greyhound Armored Car
Riflemen Squad
M1 Mortar Team
M8 Greyhound Armored Car
Riflemen Squad
Construct Weapon Support Center
Improved M9 Bazooka Rockets
Engineer Squad
Bazooka Squad
M31 Recovery Vehicle
Bazooka Squad
.30 cal Machine Gun
M24 Chaffee Light Tank
M24 Chaffee Light Tank
Bazooka Squad
M24 Chaffee Light Tank
Riflemen Squad
Selects Seek and Destroy
Selects M4A3E8 Sherman Combat Group
.30 cal Machine Gun
OnceAgain
Pacific
霹雳炜炜
matrix4x4
GhillieTactics
葫芦娃柒柒零
0
0

Comments sign in to comment!

No comments posted yet!